 Dungeon Crawl Stone Soup version 0.28-a0-991-g956f0ee3d5 (webtiles) character file.

Game seed: 14035348842025104843

366 wotkd0121004 the Digger (level 6, 0/39 HPs)
             Began as an Octopode Earth Elementalist on Dec 4, 2021.
             Succumbed to a kobold brigand's poison
             ... on level 5 of the Dungeon.
             The game lasted 00:07:46 (4656 turns).

wotkd0121004 the Digger (OpEE)                      Turns: 4656, Time: 00:07:46

Health: 0/39       AC:  1    Str:  7    XL:     6   Next: 68%
Magic:  9/10       EV: 13    Int: 19    God:
Gold:   208        SH:  0    Dex: 13    Spells: 7/11 levels left

rFire   . . .      SeeInvis .   d - +0 short sword
rCold   . . .      Faith    .   (no shield)
rNeg    . . .      Spirit   .   (helmet restricted)
rPois   .          Reflect  .   (no amulet)
rElec   .          Harm     .   (no ring)
rCorr   .          Rampage  .   (no ring)
Will    .....                   (no ring)
Stlth   ++++......              (no ring)
HPRegen 0.13/turn               (no ring)
MPRegen 0.12/turn               (no ring)
                                (no ring)
                                (no ring)

@: lethally poisoned (0 -> -2)
A: almost no armour, amphibious, 8 rings, camouflage 1, gelatinous body 1,
(nimble swimmer 1), tentacles
a: no special abilities


You were on level 5 of the Dungeon.
You visited 1 branch of the dungeon, and saw 5 of its levels.

You collected 208 gold pieces.

Inventory:

Hand Weapons
 d - a +0 short sword (weapon)
Missiles
 b - 96 stones
Wands
 c - a wand of flame (11)
 k - a wand of paralysis (6)
Scrolls
 e - 2 scrolls of teleportation
 g - a scroll of fear
 j - a scroll of immolation {unknown}
Potions
 a - a potion of attraction
 f - a potion of haste
 i - a potion of flight


   Skills:
 + Level 1.9 Fighting
 + Level 3.0 Dodging
 + Level 4.4 Stealth
 + Level 3.0 Spellcasting
 + Level 2.5 Transmutations
 * Level 4.7 Earth Magic


You had 7 spell levels left.
You knew the following spells:

 Your Spells              Type           Power      Damage    Failure   Level
a - Sandblast             Erth           40%        2d10      2%          1
b - Stone Arrow           Conj/Erth      22%        3d8       17%         3

Your spell library contained the following spells:

 Spells                   Type           Power      Damage    Failure   Level
 Passwall                 Tmut/Erth      13%        N/A       5%          2
 Summon Small Mammal      Summ           8%         N/A       16%         1
 Petrify                  Tmut/Erth      16%        N/A       34%         4
 Call Canine Familiar     Summ           2%         N/A       41%         3
 Gell's Gravitas          Tloc           2%         N/A       41%         3
 Lesser Beckoning         Tloc           2%         N/A       41%         3
 Summon Guardian Golem    Hex/Summ       2%         N/A       41%         3
 Teleport Other           Tloc           2%         N/A       41%         3


Dungeon Overview and Level Annotations

Branches:
Dungeon (5/15)
 Temple: D:4-7

Altars:
Nemelex Xobeh
Ru

Annotations:
D:5 Eustachio


Innate Abilities, Weirdness & Mutations

You cannot wear most types of armour.
You are amphibious.
You can wear up to eight rings at the same time.
Your skin changes colour to match your surroundings (Stealth+).
Your rubbery body absorbs attacks. (AC +1, EV +1)
((You are camouflaged near water. (Stealth+)))
You have tentacles for arms and can constrict up to eight enemies at once.


Message History

Gang up on whom?
Press: ? - help, Dir - move target, f - wight
Aim: a wight, wielding a +3 dire flail and wearing a +0 robe (lightly damaged, ally target) Attack!
* * * LOW HITPOINT WARNING * * *
You feel very sick.
Your adder misses the wight. The wight barely misses your adder.
What are your orders? t - Shout!
Orders for allies: a - Attack new target. p - Attack previous target. r - Retreat! s - Stop attacking. g - Guard the area. f - Follow me.
Anything else - Cancel.
Gang up on whom?
Press: ? - help, Dir - move target, f/p - wight
Aim: a wight, wielding a +3 dire flail and wearing a +0 robe (lightly damaged, ally target) Attack!
* * * LOW HITPOINT WARNING * * *
You feel sick.
Your adder closely misses the wight.
Your adder bites the wight.
Your adder bites the wight but does no damage.
* * * LOW HITPOINT WARNING * * *
You feel sick.
Your adder closely misses the wight.
Your adder barely misses the wight.
* * * LOW HITPOINT WARNING * * *
You feel sick.
Your adder barely misses the wight.
Your adder bites the wight.
The wight hits your adder with a +3 dire flail!!
Your adder dies!
Your adder's corpse dissolves into shadows!
* * * LOW HITPOINT WARNING * * *
You feel sick.
Your adder completely misses the wight.
Your adder bites the wight but does no damage.
* * * LOW HITPOINT WARNING * * *
You feel sick.
Your adder barely misses the wight.
* * * LOW HITPOINT WARNING * * *
You feel sick.
Okay, then.
As you read the scroll labelled VUTWEUP KORISI, it crumbles to dust.
It is a scroll of enchant armour.
You aren't carrying any armour which can be enchanted further.
You die...

########### #.........#
#.PPPPPPP.#################
##...........@...z.S.).....#
#..P.PPP.P.................#
#..P.....P.................#
#..P.._..P..##...##.......##
#..P.....P..##.<.##.......#
#..P.PPP.P.......#..........
#................#)...........
##.PPPPPPP............).......
#..........#..####### ....


You could see a wight (ally target) and a friendly adder (summoned).

Vanquished Creatures
  A kobold brigand (D:5)
  A howler monkey (D:4)
  A hound (D:5)
  Natasha (thrice) (D:2)
  5 adders
  2 worms
  4 dart slugs
  An orc (D:4)
  6 bats
  10 endoplasms
  14 giant cockroaches
  2 goblins (D:1)
  8 hobgoblins
  7 jackals
  10 kobolds
  3 quokkas
  3 ball pythons
  3 frilled lizards (D:2)
  4 rats (D:1)
88 creatures vanquished.

Notes
Turn   | Place    | Note
-------+----------+-------------------------------------------
     0 | D:1      | wotkd0121004 the Octopode Earth Elementalist began the
                  | quest for the Orb.
     0 | D:1      | Reached XP level 1. HP: 11/11 MP: 3/3
   357 | D:1      | Reached XP level 2. HP: 11/17 MP: 0/5
   903 | D:1      | Reached XP level 3. HP: 22/22 MP: 6/6
  1065 | D:1      | Learned a level 3 spell: Stone Arrow
  1435 | D:2      | Reached XP level 4. HP: 27/27 MP: 3/7
  1716 | D:2      | Noticed Natasha
  1724 | D:2      | Killed Natasha
  1725 | D:2      | Reached skill level 1 in Fighting
  1972 | D:2      | Noticed Natasha
  1980 | D:2      | Killed Natasha
  1981 | D:2      | Reached XP level 5. HP: 26/33 MP: 2/8
  2229 | D:2      | Noticed Natasha
  2233 | D:2      | Killed Natasha
  3896 | D:4      | Reached XP level 6. HP: 25/38 MP: 8/10
  4091 | D:4      | Found a sparkling altar of Nemelex Xobeh.
  4319 | D:5      | Entered Level 5 of the Dungeon
  4586 | D:5      | Found a sacrificial altar of Ru.
  4603 | D:5      | Noticed Eustachio
  4655 | D:5      | HP: 1/39 [poisoned by a kobold brigand]
  4656 | D:5      | Succumbed to a kobold brigand's poison

Illustrated notes

Levels and vault maps discovered:
D:1:      lemuel_arrival_funnel, layout_rooms
D:2:      layout_rooms, uniq_natasha
D:3:      minmay_roachtagon, layout_basic, lemuel_another_geyser
D:4:      layout_gridville, nemelex_diamond_rough_becter
D:5:      layout_gridville, lemuel_doored_altar,
          mainiacjoe_overflow_cross_hatched, grunt_temple_overflow_open,
          minmay_temple_entry_from_below_a, uniq_edmund, uniq_eustachio

Skill      XL: |  1  2  3  4  5  6 |
---------------+-------------------+-----
Stealth        | 3 4 |  4.4
Fighting       | 1 |  1.9
Earth Magic    | 4 |  4.7
Transmutations | 2 |  2.5
Dodging        | 3 |  3.0
Spellcasting   | 3 |  3.0

Action                   |  1- 3 |  4- 6 || total
-------------------------+-------+-------++-------
Melee: Unarmed           |    15 |       ||    15
       Tentacles         |     9 |     8 ||    17
       Constrict         |     9 |    12 ||    21
       Short sword       |    31 |    47 ||    78
 Cast: Sandblast         |    22 |    54 ||    76
  Use: Scroll            |       |     9 ||     9
 Stab: Sleeping          |     5 |    10 ||    15
Armor: Skin              |     3 |     5 ||     8
Dodge: Dodged            |    32 |    44 ||    76

Table legend: (Time is in decaauts)
 A = Elapsed time spent in this place.
 B = Non-inter-level travel time spent in this place.
 C = Inter-level travel time spent in this place.
 D = Time resting spent in this place.
 E = Time spent auto-exploring this place.
 F = Levels seen in this place.
 G = Mean time per level.
                   A        B        C        D        E       F      G
               +--------+--------+--------+--------+--------+-----+--------+
         Total |   4673 |   4615 |     58 |    712 |   3085 |   5 |  934.6 |
       Dungeon |   4673 |   4615 |     58 |    712 |   3085 |   5 |  934.6 |
               +--------+--------+--------+--------+--------+-----+--------+

Top non-repeatable levels by time:
     D:1: 1411 daAuts
     D:3: 1254 daAuts
     D:4: 962 daAuts
     D:2: 937 daAuts
     D:5: 108 daAuts
